 Dungeon Crawl Stone Soup version 0.29-a0-338-g1ff7896281 (webtiles) character file.

Game seed: 17505299670781823815

387 bande the Covered (level 6, 0/38 HPs)
             Began as a Gargoyle Fighter on Apr 18, 2022.
             Killed by divine providence
             ... invoked by an orc priest
              (12 damage)
             ... on level 4 of the Dungeon.
             The game lasted 00:09:10 (5654 turns).

bande the Covered (Gargoyle Fighter)                Turns: 5654, Time: 00:09:12

Health: 0/38       AC: 20    Str: 18    XL:     6   Next: 78%
Magic:  6/6        EV:  3    Int:  8    God:
Gold:   298        SH:  0    Dex: 11    Spells: 4/5 levels left

rFire   . . .      SeeInvis .   a - +1 war axe
rCold   . . .      Faith    .   h - +0 tower shield
rNeg    + . .      Spirit   .   p - +0 chain mail
rPois   ∞          Reflect  .   j - +0 helmet
rElec   +          Harm     .   s - +0 cloak
rCorr   .          Rampage  .   (no gloves)
Will    .....                   (no boots)
Stlth   ..........              (no amulet)
HPRegen 0.12/turn               o - +4 ring of protection
MPRegen 0.10/turn               (no ring)

@: confused
A: sickness immunity, AC +4, negative energy resistance 1, electricity
resistance, torment resistance 1, petrification resistance, weak 1
a: no special abilities


You were on level 4 of the Dungeon.
You visited 1 branch of the dungeon, and saw 4 of its levels.

You collected 298 gold pieces.

Inventory:

Hand Weapons
 a - a +1 war axe (weapon)
 b - a +0 flail
Armour
 h - a +0 tower shield (worn)
 i - a +0 hat
 j - a +0 helmet (worn)
 p - a +0 chain mail (worn)
 s - a +0 cloak (worn)
Jewellery
 o - a +4 ring of protection (left hand)
Wands
 m - a wand of iceblast (4)
Scrolls
 f - 2 scrolls of magic mapping
 g - a scroll of enchant weapon
 n - 4 scrolls of identify
Potions
 c - a potion of haste
 d - 5 potions of might
 e - 7 potions of curing
 k - a potion of resistance
 l - 5 potions of heal wounds
 q - 2 potions of cancellation
 r - a potion of flight


   Skills:
 + Level 3.9 Fighting
 + Level 3.8 Axes
 + Level 4.7 Armour
 + Level 4.4 Shields
 * Level 1.3 Translocations
 * Level 1.8 Evocations


You had 4 spell levels left.
You knew the following spells:

 Your Spells              Type           Power      Damage    Failure   Level
a - Apportation           Tloc           4%         N/A       100%        1

Your spell library contained the following spells:

 Spells                   Type           Power      Damage    Failure   Level
 Animate Skeleton         Necr           0%         N/A       100%        1
 Summon Small Mammal      Summ           0%         N/A       100%        1
 Ensorcelled Hibernation  Hex/Ice        0%         N/A       100%        2
 Passwall                 Tmut/Erth      0%         N/A       100%        2
 Gell's Gravitas          Tloc           2%         N/A       100%        3
 Lesser Beckoning         Tloc           2%         N/A       100%        3
 Swiftness                Air            0%         N/A       100%        3
 Teleport Other           Tloc           2%         N/A       100%        3


Dungeon Overview and Level Annotations

Branches:
Dungeon (4/15)
 Temple: D:4-7

Altars:

Shops:
D:3 =

Annotations:
D:4 4 runed translucent doors


Innate Abilities, Weirdness & Mutations

You are immune to sickness and miasma.
Your stone body is resilient. (AC +4)
You are immune to poison.
You resist negative energy. (rN+)
You are resistant to electric shocks. (rElec)
You are resistant to unholy torment.
You are immune to petrification.
You are weak. (Str -2)


Message History

The puff of flame hits you! You block the orc priest's attack.
You hear some strange, mumbled words.
You are confused.
The orc priest hits you with a +0 morningstar.
The orc priest hits you but does no damage.
You miss something. You miss the orc priest. x2
The orc priest hits you but does no damage.
Something hits you.
The orc priest hits you but does no damage.
You hear some strange, mumbled words.
A puff of flame appears from out of thin air!
The puff of flame hits you!
The orc priest hits you but does no damage.
The orc priest barely misses you.
Unknown command.
You closely miss the orc priest.
The orc priest is moderately wounded.
You barely miss something. You miss the orc priest.
The orc priest hits you but does no damage.
Something hits you.
* * * LOW HITPOINT WARNING * * *
The orc priest hits you but does no damage.
You slash the orc priest!
The orc priest is almost dead.
You hit the orc priest but do no damage.
You miss something.
The orc priest hits you but does no damage.
Something hits you but does no damage.
The orc priest hits you but does no damage. x2
You hear some strange, mumbled words.
You are more confused.
The orc priest hits you but does no damage.
The orc priest invokes the aid of Beogh against you.
You barely resist.
You hear some strange, mumbled words.
A magic dart appears from out of thin air!
The magic dart hits you but does no damage.
The orc priest mumbles some strange prayers to Beogh against you.
Beogh smites you!
You die...

............#....).####.##......#
.##.###........[.<.####.........#
........#..........##...##......#
.##...#####...........#.#########
#.#.##............###.##
#.#....#..##.....####..#####
###...#....##.......#......o.##
........####...o†.....######S.#
###....## #...<@....##85o8##.#
#....# #...o{....#8....8#.#
###....# #.........+......+o#
.....>.# #.........+......+..
..#.)..# ...........#8....8#.).
...).†)# ..#.........##8[)8##...o
..###....)............##### .....
.. ..............###+# '###. .
#####..... . #


You could see 2 orc priests.

Vanquished Creatures
  An ogre (D:4)
  An orc priest (D:4)
  Terence (D:3)
  3 orc wizards (D:3)
  4 gnolls (D:4)
  3 adders
  4 worms
  2 dart slugs
  9 orcs
  3 bats
  4 endoplasms
  6 giant cockroaches
  5 goblins
  8 hobgoblins
  12 jackals
  2 quokkas
  4 ball pythons
  4 frilled lizards
  10 kobolds
  4 rats
90 creatures vanquished.

Notes
Turn   | Place    | Note
-------+----------+-------------------------------------------
     0 | D:1      | bande the Gargoyle Fighter began the quest for the Orb.
     0 | D:1      | Reached XP level 1. HP: 14/14 MP: 1/1
   423 | D:1      | Reached XP level 2. HP: 14/19 MP: 2/2
  1184 | D:2      | Reached XP level 3. HP: 21/23 MP: 3/3
  1682 | D:2      | Reached XP level 4. HP: 28/28 MP: 4/4
  2128 | D:3      | Found Zetrid's Jewellery Emporium.
  2317 | D:3      | Found a faded altar of an unknown god.
  2340 | D:3      | Noticed Terence
  2350 | D:3      | Killed Terence
  2351 | D:3      | Reached skill level 1 in Evocations
  2351 | D:3      | Reached XP level 5. HP: 26/33 MP: 5/5
  3173 | D:4      | Found a large runed translucent door.
  3173 | D:4      | Found a large runed translucent door.
  4129 | D:4      | Learned a level 1 spell: Apportation
  4161 | D:4      | Gained mutation: You are weak. (Str -2) [potion of
                  | mutation]
  4178 | D:4      | Noticed an ogre
  4190 | D:4      | Killed an ogre
  4191 | D:4      | Reached XP level 6. HP: 25/38 MP: 6/6
  4985 | D:4      | Reached skill level 1 in Translocations
  5376 | D:4      | Found a large runed translucent door.
  5377 | D:4      | Found a large runed translucent door.
  5379 | D:4      | Found the +8 frozen axe "Frostbite" {freezing cloud, *Noise
                  | Fly rC+}
  5654 | D:4      | Killed from afar by an orc priest

Illustrated notes

Levels and vault maps discovered:
D:1:      minmay_arrival_jagged, layout_basic
D:2:      layout_rooms, minmay_fractal_squares_gapless_5
D:3:      layout_loops_ring, ebering_ecumenical_altar_mist, serial_shops, shop,
          grunt_decor_junction, uniq_terence
D:4:      layout_rooms, minmay_hollow_rounded_squares

Skill      XL: |  1  2  3  4  5  6 |
---------------+-------------------+-----
Axes           | 2 3 |  3.8
Armour         | 4 |  4.7
Evocations     | 1 |  1.8
Shields        | 4 |  4.4
Translocations | 1 |  1.3
Fighting       | |  3.9

Action                   |  1- 3 |  4- 6 || total
-------------------------+-------+-------++-------
Melee: War axe           |    94 |   169 ||   263
       Unarmed           |       |     3 ||     3
  Use: Scroll            |     7 |    12 ||    19
       Potion            |       |     1 ||     1
Armor: Scale mail        |    78 |    13 ||    91
       Chain mail        |       |   145 ||   145
       Skin              |       |    20 ||    20
Dodge: Dodged            |    27 |    33 ||    60
Block: Buckler           |     3 |       ||     3
       Tower shield      |    75 |   172 ||   247

Table legend: (Time is in decaauts)
 A = Elapsed time spent in this place.
 B = Non-inter-level travel time spent in this place.
 C = Inter-level travel time spent in this place.
 D = Time resting spent in this place.
 E = Time spent auto-exploring this place.
 F = Levels seen in this place.
 G = Mean time per level.
                   A        B        C        D        E       F      G
               +--------+--------+--------+--------+--------+-----+--------+
         Total |   5840 |   5825 |     15 |   2483 |   2271 |   4 | 1460.0 |
       Dungeon |   5840 |   5825 |     15 |   2483 |   2271 |   4 | 1460.0 |
               +--------+--------+--------+--------+--------+-----+--------+

Top non-repeatable levels by time:
     D:3: 2581 daAuts
     D:1: 1210 daAuts
     D:4: 1061 daAuts
     D:2: 986 daAuts
